 Dungeon Crawl Stone Soup version 0.31-a0-1576-ga3383bade6 (webtiles) character file.

Game seed: 14311589849998745071

1852 yokelz the Thaumaturge (level 8, -5/44 HPs)
             Began as a Deep Elf Earth Elementalist on Jan 4, 2024.
             Slain by a hornet (11 damage)
             ... on level 6 of the Dungeon.
             The game lasted 00:13:00 (6304 turns).

yokelz the Thaumaturge (DEEE)                       Turns: 6304, Time: 00:13:01

Health: -5/44      AC:  4    Str:  5    XL:     8   Next: 88%
Magic:  22/22      EV: 14    Int: 23    God:
Gold:   303        SH:  0    Dex: 19    Spells: 17/23 levels left

rFire   . . .        d - +0 rapier
rCold   + . .        (no shield)
rNeg    . . .        a - +0 robe
rPois   .            (no helmet)
rElec   .            B - +0 cloak
rCorr   .            (no gloves)
SInv    .            y - +0 pair of boots
Will    .....        (no amulet)
Stlth   ++           D - ring of protection from fire
HPRegen 0.27/turn    p - ring "Nybuk" {Ice Dex+4}
MPRegen 0.18/turn

%: no passive effects
@: slowed, very slow
A: no striking features
a: no special abilities


You were on level 6 of the Dungeon.
You visited 1 branch of the dungeon, and saw 7 of its levels.

You collected 349 gold pieces.
You spent 46 gold pieces at shops.

Inventory:

Hand Weapons
 c - a +0 dagger
 d - a +0 rapier (weapon)
Missiles
 k - 8 boomerangs
 G - a curare-tipped dart
Armour
 a - a +0 robe (worn)
 y - a +0 pair of boots (worn)
 B - a +0 cloak (worn)
Jewellery
 e - a ring of flight
 p - the ring "Nybuk" (right hand) {Ice Dex+4}
   (You found it on level 3 of the Dungeon)

   [ring of ice]

   Ice:       It enhances your ice magic.
   Dex+4:     It affects your dexterity (+4).
   rF-:       It makes you vulnerable to fire.
   rC+:       It protects you from cold.
 D - a ring of protection from fire (left hand)
 E - a ring of positive energy
Talismans
 x - a maw talisman
Wands
 v - a wand of flame (9)
Scrolls
 j - 2 scrolls of noise {unknown}
 l - 2 scrolls of silence {unknown}
 n - 2 scrolls of torment {unknown}
 o - a scroll of blinking
 q - a scroll of immolation {unknown}
 s - 4 scrolls of teleportation
 t - a scroll of poison {unknown}
 z - a scroll of revelation {unknown}
 C - 4 scrolls of enchant armour {unknown}
 F - 3 scrolls of enchant weapon {unknown}
 H - a scroll of fear {unknown}
Potions
 b - a potion of magic
 f - a potion of cancellation
 g - 2 potions of might
 h - 2 potions of enlightenment
 i - a potion of curing
 m - a potion of ambrosia {unknown}
 r - 2 potions of attraction {unknown}
 u - 3 potions of lignification {unknown}
 w - 3 potions of heal wounds {unknown}
 A - a potion of brilliance
 I - a potion of mutation {unknown}


   Skills:
 - Level 2.1 Fighting
 - Level 4.2 Dodging
 - Level 2.4 Stealth
 - Level 8.2 Spellcasting
 - Level 5.2 Conjurations
 + Level 6.4 Translocations
 - Level 6.1 Earth Magic


You had 17 spell levels left.
You knew the following spells:

 Your Spells              Type           Power      Damage    Failure   Level
a - Sandblast             Erth           74%        2d16      1%          1
b - Stone Arrow           Conj/Erth      70%        3d11      1%          3
c - Blink                 Tloc           78%        N/A       1%          2

Your spell library contained the following spells:

 Spells                   Type           Power      Damage    Failure   Level
 Magic Dart               Conj           100%       1d8       1%          1
 Passwall                 Erth           37%        N/A       1%          3
 Brom's Barrelling Bould  Conj/Erth      35%        2d5       7%          4
 Call Imp                 Summ           18%        N/A       11%         2
 Dimensional Bullseye     Hex/Tloc       12%        N/A       19%         4
 Petrify                  Alch/Erth      23%        N/A       19%         4
 Call Canine Familiar     Summ           9%         N/A       21%         3
 Sigil of Binding         Hex            9%         N/A       21%         3


Dungeon Overview and Level Annotations

Branches:
Dungeon (7/15)
 Temple: D:4-7

Altars:
Dithmenos
Fedhas
Sif Muna
Uskayaw

Shops:
D:5 (   D:6 *


Message History

A hornet comes into view.
An orc priest comes into view. It is wielding a +0 dagger.
Casting: Sandblast (safe; 1% risk of failure)
Confirm with . or Enter, or press ? or * to list all spells.
Aiming: Sandblast (safe; 1% risk of failure)
Press: ? - help, Shift-Dir - straight line, f - hornet
Aim: a hornet (76% to hit)
The blast of sand hits the hornet.
The hornet is lightly wounded.
The hornet stings you!
You are poisoned.
You feel yourself slow down.
You feel very sick.
The orc priest shouts!
You hear an angry buzzing noise.
The hornet attacks as it pursues you! The hornet stings you.
You feel as though you will be slow longer.
A killer bee comes into view.
The hornet closely misses you.
A killer bee comes into view.
You feel sick. The hornet closely misses you.
The orc priest looks satisfied for a moment.
The hornet barely misses you.
You feel sick.
The orc shouts!
The hornet attacks as it pursues you! The hornet stings you!
You feel as though you will be slow longer.
The hornet stings you!
* * * LOW HITPOINT WARNING * * *
You feel as though you will be slow longer.
A killer bee comes into view. x2
There is a stone staircase leading up here.
Unknown command.
You feel sick. The hornet closely misses you. The orc hits you with a +0 whip.
* * * LOW HITPOINT WARNING * * *
The hornet closely misses you. The hornet misses you.
You climb upwards.
You feel sick.
You are no longer poisoned.
There is a stone staircase leading down here.
The hornet attacks as it pursues you! The hornet stings you!
You die...

####.......######
####.. #.####..# #8..
#.# #..# ####.. #.#
##..# ##.##.. #.#
#...# ##..##.. #)#
#.#.## ##...#8.. #.#
#....####....##..
#.###.......'........
#...@y...####........
#####o#.## ##.......
#...## ##...).#
###[..### ##...##
#.......# ##'##
#.......# #.#
#.......# #.#
###...### ######.##
#...# #.......##


You could see a hornet and an orc.

Vanquished Creatures
  A water moccasin (D:6)
  2 ice beasts
  A black bear (D:6)
  2 orc warriors (D:6)
  An ogre (D:4)
  A centaur (D:5)
  A kobold brigand (D:6)
  2 bullfrogs (D:6)
  3 scorpions
  A hound (D:4)
  4 bombardier beetles
  2 jellies
  5 iguanas
  A sleepcap (D:4)
  6 orc wizards
  4 gnolls (D:4)
  7 adders
  A shadow imp (D:7)
  2 ufetubi (D:5)
  2 ribbon worms
  2 dart slugs
  18 orcs
  7 bats
  6 endoplasms
  5 giant cockroaches
  7 goblins
  A hobgoblin (D:3)
  2 jackals (D:2)
  10 kobolds
  4 quokkas
  8 ball pythons
  5 frilled lizards
  7 rats
131 creatures vanquished.

Notes
Turn   | Place    | Note
-------+----------+-------------------------------------------
     0 | D:1      | yokelz the Deep Elf Earth Elementalist began the quest for
                  | the Orb.
     0 | D:1      | Reached XP level 1. HP: 10/10 MP: 6/6
   148 | D:1      | Reached XP level 2. HP: 11/15 MP: 4/8
   750 | D:2      | Reached XP level 3. HP: 12/19 MP: 6/9
  1489 | D:3      | Reached XP level 4. HP: 24/24 MP: 8/10
  1609 | D:3      | Identified the ring "Nybuk" {Ice Dex+4}
  2235 | D:4      | Noticed an ogre
  2240 | D:4      | Killed an ogre
  2241 | D:4      | Reached skill level 5 in Earth Magic
  2241 | D:4      | Reached XP level 5. HP: 28/28 MP: 5/11
  2549 | D:4      | Learned a level 3 spell: Stone Arrow
  2569 | D:4      | Reached XP level 6. HP: 32/32 MP: 8/12
  2683 | D:4      | Reached skill level 5 in Conjurations
  2949 | D:4      | Found a blossoming altar of Fedhas.
  2991 | D:4      | Learned a level 2 spell: Blink
  3092 | D:5      | Entered Level 5 of the Dungeon
  3226 | D:5      | Reached skill level 1 in Fighting
  3352 | D:5      | Reached XP level 7. HP: 38/38 MP: 9/13
  3445 | D:5      | Found Hyjexem's Antique Weapon Shoppe.
  3706 | D:5      | Reached skill level 4 in Spellcasting
  3895 | D:5      | Found a hide-covered altar of Uskayaw.
  4083 | D:5      | Reached skill level 5 in Spellcasting
  4149 | D:5      | Reached skill level 6 in Spellcasting
  4220 | D:6      | Reached XP level 8. HP: 43/44 MP: 10/20
  4318 | D:6      | Reached skill level 7 in Spellcasting
  4380 | D:6      | Found a shadowy altar of Dithmenos.
  4484 | D:6      | Found Mummaz's Assorted Antiques.
  4492 | D:6      | Bought a scroll of identify for 46 gold pieces
  4926 | D:6      | Reached skill level 8 in Spellcasting
  4970 | D:6      | Reached skill level 1 in Translocations
  5047 | D:6      | Found a shimmering blue altar of Sif Muna.
  5691 | D:6      | Reached skill level 5 in Translocations
  6290 | D:7      | Noticed a hornet
  6304 | D:6      | Slain by a hornet

Illustrated notes

Levels and vault maps discovered:
D:1:      sevenhm_arrival_forest_fort_small_4, layout_rooms
D:2:      layout_loops_cross, minmay_quantized
D:3:      layout_loops_cross
D:4:      layout_cave_pools, lemuel_tele_altar
D:5:      layout_basic, nicolae_uskayaw_suspiria, serial_shops, shop,
          kennysheep_generic_room_13
D:6:      kennysheep_spiral_hall, layout_loops_corners, lemuel_crystal_altar,
          old_standard_altar, mainiacjoe_sewer_entry_somewhere_in_here_2,
          serial_shops, shop, nrook_campfire, corexii_hall_statues_t
D:7:      cheibrodos_shockbox, layout_cave_pools,
          nicolae_gozag_conspicuous_consumption, minmay_temple_entry_nine_rooms,
          minmay_splitting_lines

Skill      XL: |  1  2  3  4  5  6  7  8 |
---------------+-------------------------+-----
Conjurations   | 2 3 4 5 |  5.2
Earth Magic    | 4 5 6 |  6.1
Fighting       | 1 2 |  2.1
Dodging        | 3 4 |  4.2
Spellcasting   | 6 8 |  8.2
Translocations | 6 |  6.4
Stealth        | |  2.4

Action                     |  1- 3 |  4- 6 |  7- 9 || total
---------------------------+-------+-------+-------++-------
  Melee: Unarmed           |     1 |       |       ||     1
   Cast: Sandblast         |    49 |    45 |    59 ||   153
         Stone Arrow       |       |    14 |    43 ||    57
  Evoke: Wand              |       |     1 |       ||     1
    Use: Scroll            |       |     1 |     6 ||     7
 Armour: Robe              |    11 |     8 |    19 ||    38
  Dodge: Dodged            |    10 |     5 |    23 ||    38

Table legend: (Time is in decaauts)
 A = Elapsed time spent in this place.
 B = Non-inter-level travel time spent in this place.
 C = Inter-level travel time spent in this place.
 D = Time resting spent in this place.
 E = Time spent auto-exploring this place.
 F = Levels seen in this place.
 G = Mean time per level.
                   A        B        C        D        E       F      G
               +--------+--------+--------+--------+--------+-----+--------+
         Total |   6380 |   6252 |    128 |   1625 |   3726 |   7 |  911.4 |
       Dungeon |   6380 |   6252 |    128 |   1625 |   3726 |   7 |  911.4 |
               +--------+--------+--------+--------+--------+-----+--------+

Top non-repeatable levels by time:
     D:6: 1712 daAuts
     D:5: 1424 daAuts
     D:4: 887 daAuts
     D:2: 852 daAuts
     D:3: 739 daAuts
     D:1: 656 daAuts
     D:7: 108 daAuts
